Map: [ESL] Goldenaura

Players

Lambo - Winner!

  • Race: Zerg Zerg
  • Spawn Location: 5:00

Fjant

  • Race: Zerg Zerg
  • League: Master
  • Spawn Location: 12:00

Event: Bellum Gens Elite Stara Zagora 2024

VOD

Have the link to the VOD?

Description

Time

  • Played on: Sept. 7, 2024, 9:44 a.m.
  • Length: 8:26

All games in this series

Show
View Real Time Build Order
Export as new Build Order

Lambo Zerg - Winner!

Build Orders: Hatch First, Zergling Baneling 

Get SALT Encoding   

  12  0:00  Drone  
  13  0:12  Overlord  
  13  0:18  Drone  
  14  0:31  Drone x2  
  16  0:47  Hatchery  
  15  0:51  Drone  
  15  0:55  Drone  
  17  0:58  Drone  
  18  1:08  Extractor  
  17  1:13  Spawning Pool  
  17  1:16  Drone  
  17  1:20  Drone  
  18  1:28  Drone  
  19  1:39  Drone  
  20  1:49  Drone  
  21  1:59  Queen x2  
  21  2:00  Zergling x2, Overlord  
  26  2:08  Metabolic Boost  
  26  2:10  Drone  
  26  2:12  Drone  
  28  2:21  Drone  
  28  2:22  Drone  
  30  2:33  Drone x2  
  32  2:38  Hatchery  
  31  2:47  Zergling x2, Baneling Nest  
  31  2:50  Overlord  
  31  2:55  Drone  
  32  2:58  Drone  
  32  3:04  Zergling x2  
  34  3:09  Zergling x10  
  34  3:11  Zergling x2  
  40  3:20  Overlord  
  40  3:23  Drone x2  
  42  3:32  Baneling x2  
  42  3:33  Baneling x2  
  42  3:34  Zergling x2  
  43  3:38  Drone  
  44  3:41  Queen  
  44  3:43  Drone x4  
  44  3:44  Baneling  
  44  3:46  Zergling x2  
  51  3:51  Drone x3  
  51  3:54  Drone  
  53  3:57  Drone  
  53  4:02  Drone  
  51  4:04  Baneling x2  
  51  4:08  Drone, Extractor  
  51  4:09  Drone  
  52  4:11  Drone, Roach Warren  
  52  4:13  Drone  
  52  4:14  Drone  
  54  4:17  Zergling x4  
  54  4:20  Zergling x2  
  54  4:21  Zergling x2  
  54  4:23  Baneling  
  58  4:32  Overlord  
  58  4:33  Overlord  
  58  4:34  Overlord  
  58  4:41  Zergling x2  
  58  4:44  Overlord  
  56  4:46  Drone, Overlord  
  56  4:51  Overlord  
  57  4:53  Drone x9  
  57  4:58  Zergling x2  
  67  5:01  Baneling  
  67  5:03  Lair  
  67  5:04  Roach  
  71  5:07  Roach  
  71  5:11  Drone x2  
  71  5:14  Extractor  
  72  5:15  Extractor  
  72  5:16  Evolution Chamber  
  72  5:17  Roach x3  
  76  5:23  Roach  
  76  5:24  Zergling x4  
  76  5:26  Zergling x2  
  76  5:27  Zergling x4  
  79  5:37  Drone  
  79  5:39  Roach x3  
  86  5:44  Zergling x8  
  86  5:49  Baneling x4  
  90  5:51  Zergling x8  
  90  5:57  Drone  
  93  6:06  Zergling x6  
  92  6:12  Drone x2  
  91  6:18  Zerg Missile Weapons Level 1  
  91  6:19  Roach x4  
  91  6:22  Drone, Extractor  
  91  6:23  Extractor  
  98  6:26  Roach x3  
  104  6:35  Overlord  
  104  6:36  Overlord  
  104  6:37  Overlord  
  101  6:41  Overlord  
  101  6:42  Glial Reconstitution  
  101  6:43  Overlord  
  101  6:44  Roach  
  104  6:49  Roach  
  104  6:50  Overlord  
  104  6:51  Overlord  
  104  6:53  Overlord  
  105  6:58  Roach x5  
  111  7:04  Roach x4  
  119  7:13  Roach x4  
  126  7:17  Roach  
  126  7:18  Ravager  
  128  7:23  Roach  
  128  7:27  Roach x2  
  128  7:29  Roach x3  
  136  7:32  Roach  
  142  7:37  Roach x5  
  142  7:41  Roach x2  
  142  7:43  Roach  
  154  7:45  Ravager  
  154  7:46  Roach  
  154  7:50  Roach x2  
  161  7:56  Roach  
  160  8:01  Roach x4  
  160  8:03  Hydralisk Den  
  165  8:06  Roach x2  
Show
View Real Time Build Order
Export as new Build Order

Fjant Zerg 

Build Orders: Hatch First 

Get SALT Encoding   

  12  0:00  Drone  
  13  0:15  Overlord  
  13  0:18  Drone  
  14  0:35  Drone x2  
  16  0:48  Hatchery  
  15  0:53  Drone  
  15  0:57  Drone  
  17  1:01  Drone  
  18  1:11  Extractor  
  17  1:19  Spawning Pool  
  17  1:20  Drone  
  17  1:22  Drone  
  18  1:32  Drone  
  19  1:45  Drone  
  20  1:56  Drone  
  21  2:05  Queen  
  21  2:06  Zergling x2, Queen  
  21  2:08  Overlord  
  26  2:13  Drone  
  26  2:15  Drone, Metabolic Boost  
  28  2:28  Drone x2  
  30  2:37  Hatchery  
  29  2:41  Drone  
  30  2:44  Drone  
  30  2:46  Drone  
  32  2:52  Drone  
  32  2:54  Baneling Nest  
  32  2:55  Drone  
  33  3:02  Zergling x2  
  34  3:06  Overlord  
  34  3:07  Drone  
  35  3:16  Drone  
  35  3:18  Overlord  
  35  3:24  Zergling x10  
  40  3:32  Drone, Queen  
  43  3:36  Zergling x2  
  43  3:37  Baneling x3  
  43  3:41  Zergling x2  
  45  3:43  Drone  
  46  3:49  Drone x3  
  46  3:50  Drone x3  
  51  3:58  Zergling x4  
  51  4:02  Zergling x4  
  51  4:06  Roach Warren  
  50  4:11  Extractor  
  50  4:12  Drone  
  50  4:13  Drone x2  
  52  4:21  Drone  
  52  4:22  Drone  
  52  4:23  Overlord  
  54  4:27  Drone x4  
  54  4:29  Lair  
  54  4:30  Extractor  
  56  4:34  Drone  
  54  4:49  Drone x9  
  54  4:52  Baneling x2  
  63  4:53  Drone  
  63  4:54  Drone  
  65  5:06  Evolution Chamber  
  64  5:10  Overlord  
  64  5:11  Drone  
  64  5:12  Overlord  
  65  5:14  Baneling x2  
  65  5:18  Extractor  
  65  5:20  Drone x2, Extractor  
  65  5:27  Overlord  
  65  5:28  Drone x3  
  58  5:33  Drone  
  58  5:34  Drone  
  59  5:35  Drone x2  
  59  5:37  Zerg Missile Weapons Level 1  
  61  5:45  Roach x8  
  61  5:47  Roach  
  61  5:49  Baneling x3  
  79  5:51  Zergling x2  
  79  5:55  Roach x2  
  84  6:00  Roach  
  84  6:01  Roach  
  85  6:07  Zergling x2  
  85  6:08  Zergling x4  
  81  6:18  Hatchery  
  81  6:19  Zergling x4  
  81  6:22  Glial Reconstitution  
  81  6:25  Spire, Extractor  
  80  6:34  Zergling x6  
  80  6:37  Zergling x2  
  82  6:43  Drone  
  82  6:44  Queen  
  79  6:47  Overlord  
  79  6:52  Overlord  
  76  7:00  Overlord  
  73  7:02  Queen  
  73  7:05  Drone  
  73  7:06  Roach  
  71  7:20  Queen  
  73  7:36  Mutalisk x6  
  85  7:39  Roach  
  85  7:43  Roach  
  89  7:47  Spine Crawler  
  89  7:48  Roach  
  89  7:51  Roach  
  92  7:54  Roach  
  92  7:57  Roach x3  
  94  8:03  Roach x3  
Tags
 
Add a new tag
Caveats
  • Supply blocks, unpowered buildings, or Contaminate may cause inaccurate times.
  • Supply counts are checked every 10 seconds.